[Event "*** SCC Grand Prix: Titled Tuesday Blitz"]
[Site "Chess.com"]
[Date "2020.07.07"]
[Round "10"]
[White "chito89"]
[Black "cassoulet"]
[Result "0-1"]
[WhiteElo "2799"]
[BlackElo "2670"]
[TimeControl "180+1"]
[EndTime "11:59:19 PDT"]
[Termination "cassoulet won on time"]

1. e4 c5 2. Nf3 Nc6 3. g3 g6 4. Bg2 Bg7 5. O-O d6 6. c3 Nf6 7.
Re1 O-O 8. d4 a6 9. h3 b5 10. e5 Ne8 11. dxc5 dxc5 12. Qxd8 Nxd8 13. Bg5 Ra7 14. Nbd2 Ne6 15. Be3 Rd7 16. a4 Bb7 17.
axb5 axb5 18. Ra7 Bc6 19. Rxd7 Bxd7 20. Nb3 c4 21. Nc5 Nxc5 22. Bxc5 Nc7 23. Bxe7 Re8 24. Bd6 Ne6 25. Ra1 Bf8 26. Ra7 Bc6 27. Bxf8 Kxf8 28. Nd4 Bxg2 29. Kxg2 Nc5 30. Ra5 Rxe5 31. Rxb5 Nd3 32.
Rxe5 Nxe5 33. Nb5 Nd3 34. Kf3 Nxb2 35. Ke3 Ke7 36. Kd4 Ke6 37. Na3 Nd1 38. f4 Nf2 39. h4 Nh1 40. g4 Nf2 41. g5 Kf5 42. Nxc4 Kxf4 43. Ne5 Ne4 44. Nxf7 Nd2 45. c4 Kf5 46. Kd5 Nb1 47. c5 Nc3+ 48. Kd6 Kg4 49. c6 Kxh4 50. Kc5 Na4+ 51. Kb5 Nc3+ 52. Kc4 Na4 53. c7 Nb6+ 54. Kc5 Nc8 55. Nd6 Ne7 56. Kd4 Kxg5 57. Ke5 Nc6+ 58. Ke6 Na7 59. Nb5 Nc8 60. Kd7 Nb6+ 61. Kc6 Nc8 62. Nd6 Ne7+ 63. Kd7 Nd5 64. Ne4+ Kf4 65. Kc6 Nxc7 66. Nf6 h5 0-1

[Event "*** SCC Grand Prix: Titled Tuesday Blitz"]
[Site "Chess.com"]
[Date "2020.07.07"]
[Round "10"]
[White "ajdemipopushi"]
[Black "KNCP_719"]
[Result "1-0"]
[WhiteElo "2378"]
[BlackElo "2465"]
[TimeControl "180+1"]
[EndTime "11:59:20 PDT"]
[Termination "ajdemipopushi won on time"]

1. Nf3 d5 2. g3 Nf6 3. c4 c6 4. Bg2 Bg4 5. Ne5 Bf5 6. cxd5 cxd5 7. Qa4+ Nbd7 8. Nc3 e6 9. g4 Bg6 10. h4 h6 11.
Nxg6 fxg6 12. g5 hxg5 13. hxg5 Rxh1+ 14. Bxh1 Nh5 15. d4 Qb6 16. e3 Be7 17. f4 Ng3 18.
Bf3 Nf5 19. Bd2 Qc6 20. Ke2 Nb6 21. Qxc6+ bxc6 22. Rc1 Kd7 23. b3 Rh8 24. Kd3 Rh3 25.
Bg4 Rh2 26. a4 Bb4 27. Nb1 Bxd2 28. Nxd2 a5 29. Nf3 Rf2 30. Ne5+ Kd8 31. Bxf5 gxf5 32.
Rxc6 Nc8 33. Rxe6 Ne7 34. Nc6+ Nxc6 35. Rxc6 Rb2 36. Rb6 Kc7 37. Rb5 Kc6 38. Kc3 Re2 39. Kd3 Rb2 40. Rb8 Kc7 41. Rg8 Rxb3+ 42. Ke2 Ra3 43. Rxg7+ Kd6 44. Rf7 Ke6 45. Rf6+ Ke7 46. Rxf5 Rxa4 47. Rxd5 Ra1 48. Kf3 a4 49. Ke4 a3 50.
Ra5 a2 51. Kf5 Kd6 52. e4 Kc6 53. d5+ Kb6 54. Ra3 Kb5 55. g6 Kb4 56. Ra8 Kb3 57. g7 Rg1 58. Kf6 1-0

[Event "*** SCC Grand Prix: Titled Tuesday Blitz"]
[Site "Chess.com"]
[Date "2020.07.07"]
[Round "10"]
[White "AndrewDGreen"]
[Black "Oligan22"]
[Result "1-0"]
[WhiteElo "2362"]
[BlackElo "2455"]
[TimeControl "180+1"]
[EndTime "11:59:20 PDT"]
[Termination "AndrewDGreen won by resignation"]

1. d4 d5 2. Bf4 c5 3. e3 Nc6 4. c3 Bf5 5. Nd2 e6 6. Ngf3 a6 7. Be2 h6 8. O-O Nf6 9. Ne5 Nxe5 10. dxe5 Nd7 11. h3 Qc7 12. Nf3 g5 13. Bh2 Bg7 14.
c4 dxc4 15. Bxc4 Nxe5 16. Qa4+ Ke7 17. Nxe5 Bxe5 18. Bxe5 Qxe5 19. Qa5 b5 20. Be2 Rhd8 21. Bf3 Ra7 22. Rac1 Qc7 23. Qc3 c4 24. Qg7 Qc5 25. Qxh6 Rg8 26. b3 c3 27. a3 a5 28. b4 axb4 29. axb4 Qxb4 30. Rfe1 Qc5 31. e4 Bg6 32. e5 Rd7 33. Qxg5+ Ke8 34. Ra1 Rd8 35. Ra6 Qe7 36. Qh6 Rc8 37. Bc6+ Rxc6 38. Rxc6 Qb7 39. Rxc3 b4 40.
Rb3 Bc2 41. Rg3 Rg6 42. Qh8+ Ke7 43. Qh4+ Kf8 44. Qd8+ Kg7 45. Qf6+ Kh7 46. Rxg6 Bxg6 47. Qh4+ Kg7 48. Qf6+ Kh7 49. Re2 b3 50. Rb2 Qd5 51. Qh4+ Kg7 52. Qf6+ Kh7 53. Qf3 Qxe5 54. Rxb3 Qa1+ 55.
Kh2 Qe5+ 56. g3 Kg7 57. Re3 Qd4 58. Qf4 Qd2 59. Rf3 Qd5 60. Qf6+ Kg8 61. Rf4 Qd2 62. Rd4 1-0

[Event "*** SCC Grand Prix: Titled Tuesday Blitz"]
[Site "Chess.com"]
[Date "2020.07.07"]
[Round "10"]
[White "MathiasWomacka"]
[Black "IwkooO"]
[Result "1-0"]
[WhiteElo "2461"]
[BlackElo "2564"]
[TimeControl "180+1"]
[EndTime "11:59:23 PDT"]
[Termination "MathiasWomacka won by resignation"]

1. e4 c5 2. Nf3 e6 3. d4 cxd4 4. Nxd4 Nc6 5. Nc3 a6 6. Be2 d6 7. O-O Nf6 8. Be3 Be7 9. f4 O-O 10. Kh1 Nxd4 11. Qxd4 b5 12. Bf3 Bb7 13. a4 Bc6 14. e5 Bxf3 15. Rxf3 dxe5 16. fxe5 Qxd4 17. Bxd4 Nd7 18. axb5 axb5 19. Rxa8 Rxa8 20. Kg1 b4 21. Ne4 Kf8 22. c4 bxc3 23. Rxc3 Ke8 24. Kf2 f5 25.
exf6 gxf6 26. Rc6 Kf7 27. Nd6+ Bxd6 28. Rxd6 Ke7 29. Rc6 e5 30. Bc3 Ra7 31. g4 Nf8 32. g5 Ne6 33. gxf6+ Kxf6 34. b4 Kf5 35. b5 Ra2+ 36.
Ke3 Nf4 37. Rc5 Ng2+ 38. Kd3 Nf4+ 39. Kc4 Re2 40. b6 Ne6 41. Rxe5+ Rxe5 42. Bxe5 Nd8 43. Bc7 Nb7 44. Kd5 Kg4 45. Kc6 Na5+ 46. Kb5 Nb7 47. Ka6 Nc5+ 48. Ka7 h5 49. Bd6 Nd7 50. b7 Kf5 51. b8=Q Nxb8 52. Kxb8 Ke6 53. Kc7 Kf7 54.
Kc6 Kg6 55. Kd5 Kh7 56. Ke4 h4 57. Kf4 h3 58. Kg4 Kh8 59. Kxh3 Kg8 60. Kg4 Kh8 61. Kg5 Kg8 62. h4 Kh8 63. h5 1-0

[Event "*** SCC Grand Prix: Titled Tuesday Blitz"]
[Site "Chess.com"]
[Date "2020.07.07"]
[Round "10"]
[White "eljanov"]
[Black "SGchess01"]
[Result "0-1"]
[WhiteElo "2851"]
[BlackElo "2654"]
[TimeControl "180+1"]
[EndTime "11:59:24 PDT"]
[Termination "SGchess01 won on time"]

1. e4 e5 2. Nf3 Nc6 3. Bc4 Bc5 4. c3 Nf6 5. d3 d6 6. O-O O-O 7. Re1 a5 8. Nbd2 Be6 9. Bb5 h6 10. Nf1 Ne7 11. d4 Ba7 12. dxe5 Ng4 13. Be3 Bxe3 14. Nxe3 Nxe5 15. Nd4 Bd7 16. Bf1 Re8 17. f4 N5c6 18. Qf3 a4 19. Rad1 Ng6 20. g3 Qb8 21. Kh1 Qa7 22. a3 Nxd4 23. cxd4 Bc6 24. d5 Bd7 25. h4 c6 26. h5 Ne7 27. Nc4 Qc5 28. Qe3 cxd5 29. Qxc5 dxc5 30. Nd6 dxe4 31. Nxe8 Bxe8 32. g4 f5 33. gxf5 Bxh5 34. Rd7 Nxf5 35. Bh3 Nd4 36. Bg2 Re8 37. Rxe4 Rxe4 38. Bxe4 b5 39. Rd5 Ne2 40. Kh2 Nxf4 41. Rxc5 Be2 42. Kg3 g5 43. Bf3 Bc4 44. Be4 Kg7 45. Rc6 h5 46. Kf3 h4 47.
Ke3 h3 48. Kf3 Bf7 49. Kg3 Bc4 50. Rb6 Kf7 51. Bf5 Ke7 52. Bxh3 Ne2+ 53. Kf2 Nd4 54. Ke3 Nc2+ 55. Kd2 Nd4 56. Kc3 Ne2+ 57. Kb4 Nf4 58.
Bf5 Nd5+ 59. Kc5 Nxb6 60. Kxb6 Kf6 61. Bd7 Ke5 62. Kc5 Kf4 63. Kd4 g4 64. Bc8 Kf3 65.
Bb7+ Kf2 0-1

[Event "*** SCC Grand Prix: Titled Tuesday Blitz"]
[Site "Chess.com"]
[Date "2020.07.07"]
[Round "10"]
[White "Bodnar_Mykola"]
[Black "1f3_2g41-0"]
[Result "0-1"]
[WhiteElo "2437"]
[BlackElo "2318"]
[TimeControl "180+1"]
[EndTime "11:59:24 PDT"]
[Termination "1f3_2g41-0 won by checkmate"]

1. e4 c5 2. Nf3 d6 3. d4 cxd4 4.
Nxd4 Nf6 5. Nc3 a6 6. Bg5 e6 7. f4 Be7 8. Qf3 O-O 9. O-O-O Nbd7 10. g4 Qc7 11. Bxf6 Bxf6 12. g5 Bxd4 13. Rxd4 b5 14.
h4 Bb7 15. h5 e5 16. Rd1 exf4 17. Qxf4 Ne5 18. Kb1 b4 19. Nd5 Bxd5 20. exd5 Rac8 21. Rh2 a5 22. Bd3 Nxd3 23. Rxd3 Rfe8 24. Rd1 Re5 25. g6 Qe7 26. Qg4 Re8 27. Rf2 f6 28. h6 Rg5 29. gxh7+ Kxh7 30. Qf4 Kxh6 31. b3 Kg6 32.
Rdf1 Qe5 33. Qh4 Qxd5 34. Rh2 Qe5 35. Qh7+ Kf7 36. Rhf2 Re6 37. Qh8 Re8 38. Qh7 Rg6 39. Rf5 Qe6 40. Rxa5 Qe2 41. Ra7+ Re7 42. Rxe7+ Qxe7 43.
Qh1 Rg5 44. Qc6 Kg6 45. Qc4 d5 46. Qd3+ Qe4 47. Qd2 Rg2 48. Qd1 Kf7 49. Re1 Qf5 50. Rf1 Qe4 51. Qh5+ Ke6 52. Qd1 Kd6 53. Re1 Qf5 54. Re2 Rf2 55. Qe1 Rf1 56. Re6+ Kc5 57. Re3 Rxe1+ 58. Rxe1 Qf2 59. Rc1 g5 60. Kb2 g4 61. a4 g3 62. Ra1 g2 63. a5 g1=Q 64. a6 Qxa1+ 65. Kxa1 Qe1+ 66. Kb2 Kb6 67. c4 Kxa6 68.
cxd5 Qd2+ 69. Kb1 Qxd5 70. Ka2 f5 71. Kb2 f4 72. Kb1 f3 73. Kb2 f2 74. Kb1 f1=Q+ 75.
Kb2 Qd2# 0-1

[Event "*** SCC Grand Prix: Titled Tuesday Blitz"]
[Site "Chess.com"]
[Date "2020.07.07"]
[Round "10"]
[White "NormWeinstein"]
[Black "druskacik"]
[Result "0-1"]
[WhiteElo "2445"]
[BlackElo "2584"]
[TimeControl "180+1"]
[EndTime "11:59:25 PDT"]
[Termination "druskacik won on time"]

1. e4 d6 2. d4 Nf6 3. Nc3 g6 4. Nf3 Bg7 5. Be2 O-O 6. O-O Nc6 7. d5 Nb8 8. Re1 c6 9. dxc6 Nxc6 10. h3 b6 11. Bc4 Bb7 12. Bb3 Na5 13. Bg5 Nxb3 14. axb3 a6 15. Qd2 Rc8 16. Bh6 Qc7 17. Bxg7 Kxg7 18.
Re2 b5 19. Rae1 Qc5 20. e5 dxe5 21. Rxe5 Qd6 22. Rxe7 Qxd2 23. Nxd2 b4 24. Rxb7 bxc3 25. Nc4 cxb2 26. Rb1 Rfd8 27. Rxb2 Rd1+ 28. Kh2 Ne4 29. Ne5 Kf6 30. f4 Nd6 31. Rb6 Kf5 32. Nd3 Ke6 33.
Rxa6 Rc3 34. Rba2 Rd2 35. R2a5 Rcxc2 36. Re5+ Kf6 37. Rxd6+ Kg7 38. Rg5 Rc3 39. Rg3 Rxb3 40. Rd5 Rb1 41. Nb4 Rf2 42. Nd3 Rff1 43. Rf3 Rh1+ 44.
Kg3 h5 45. h4 Rhd1 46. Nb4 Rdc1 47. Na6 Rc2 48. Rf2 Rb3+ 49. Rf3 Rbb2 50. f5 Rxg2+ 51.
Kf4 Rg4+ 52. Ke5 Rxh4 53. f6+ Kh6 54. Nc5 Rh1 55. Kd6 Re1 56. Kc6 Rc2 57. Rfd3 Re6+ 58. Kb5 Rxf6 59. Ka5 h4 60. Na4 g5 61. R5d4 Rg6 62.
Rd6 Rf2 63. Rd8 Rf5+ 0-1

[Event "*** SCC Grand Prix: Titled Tuesday Blitz"]
[Site "Chess.com"]
[Date "2020.07.07"]
[Round "10"]
[White "PowerThinking2650"]
[Black "Siniauski"]
[Result "1/2-1/2"]
[WhiteElo "2329"]
[BlackElo "2457"]
[TimeControl "180+1"]
[EndTime "11:59:25 PDT"]
[Termination "Game drawn by repetition"]

1. e4 e6 2. d4 d5 3. Nd2 c5 4. Ngf3 cxd4 5. exd5 Qxd5 6. Bc4 Qd8 7. O-O Nc6 8. Nb3 a6 9. Nbxd4 Nxd4 10. Nxd4 Bd6 11. b3 Ne7 12. Bb2 O-O 13. Nf3 Ng6 14. Re1 b5 15. Bd3 Bb7 16. Be4 Bxe4 17. Rxe4 Rc8 18. Qd4 e5 19. Qd3 Qc7 20. c4 f5 21. Ree1 Nf4 22. Qc3 bxc4 23. Nxe5 Bxe5 24. Rxe5 Nd3 25. Re2 Nxb2 26. Rxb2 cxb3 27. Qxc7 Rxc7 28. Rxb3 Rfc8 29. g3 Rc2 30. Rb6 f4 31. Re1 fxg3 32. hxg3 Rxa2 33. Re7 Kh8 34. Rbb7 Rg8 35. Ra7 a5 36.
Re5 a4 37. Re4 a3 38. Re3 Ra1+ 39. Kg2 a2 40. Re2 h6 41. Rexa2 Rxa2 42. Rxa2 Kh7 43.
Ra6 Rd8 44. Ra7 Kg8 45. Ra4 Re8 46. Rf4 Kh7 47. Rf3 Rd8 48. Rf4 Kg6 49. Rf3 Re8 50. Rf4 Re7 51. Rg4+ Kh7 52. Rf4 g5 53. Rf5 Kg6 54.
g4 h5 55. f3 Re2+ 56. Kg3 h4+ 57. Kh3 Rf2 58. Rf8 Kg7 59. Rf5 Kg6 60. Rf8 Rf1 61.
Rf5 Rg1 62. Kh2 Rg3 63. Rf8 Kg7 64. Rf5 Kg6 65. Rf8 Kg7 66. Rf5 Kg6 1/2-1/2

[Event "*** SCC Grand Prix: Titled Tuesday Blitz"]
[Site "Chess.com"]
[Date "2020.07.07"]
[Round "10"]
[White "Grandelicious"]
[Black "Flawless_Fighter"]
[Result "1-0"]
[WhiteElo "2775"]
[BlackElo "2573"]
[TimeControl "180+1"]
[EndTime "11:59:28 PDT"]
[Termination "Grandelicious won by resignation"]

1. e4 c6 2. Nc3 d5 3. Nf3 Bg4 4. h3 Bxf3 5. Qxf3 e6 6. Be2 Nf6 7. O-O Be7 8. Rd1 d4 9. Nb1 O-O 10. d3 c5 11. h4 Nc6 12. Qh3 e5 13. c3 Rc8 14. Na3 Qd7 15. Qxd7 Nxd7 16. g3 Rfd8 17.
Kg2 a6 18. Nc2 b5 19. Bd2 Nb6 20. Rab1 Na4 21. h5 h6 22. f4 Bf6 23. cxd4 Nxd4 24.
Nxd4 cxd4 25. Rdc1 Be7 26. Rxc8 Rxc8 27. Rc1 Rxc1 28.
Bxc1 Bd6 29. Kf1 Kf8 30. Bg4 Nb6 31. Ke2 Ke7 32. Kd1 f6 33. Bf5 Bb4 34. fxe5 fxe5 35. Ke2 Kf7 36. Kf3 Be1 37. Bg6+ Kf6 38. Be8 Na8 39.
Bc6 Nc7 40. Bb7 Ke6 41. Kg4 Kf6 42. Bc8 Bf2 43. Kf3 Be1 44. Bd7 Ke7 45. Bc8 Kf6 46. Kg4 Ba5 47. Kh3 Be1 48. Kg2 Ke7 49. Kh3 Kf6 50.
Bf5 Ba5 51. Bd7 Be1 52. Bg4 Ke7 53. Bd1 Kf6 54. Kg4 Ba5 55. Bb3 Be1 56. Kh3 Ba5 57. g4 Be1 58. g5+ hxg5 59. Kg4 Ne6 60. Bxe6 Kxe6 61.
Kxg5 Bf2 62. Kg6 Be3 63. Kxg7 Bxc1 64. h6 Bxh6+ 65. Kxh6 Kf6 66. Kh5 a5 67. Kh6 b4 68.
b3 Ke6 69. Kg6 Ke7 70. Kf5 Kd6 71. Kf6 Kc5 72. Kxe5 1-0

[Event "*** SCC Grand Prix: Titled Tuesday Blitz"]
[Site "Chess.com"]
[Date "2020.07.07"]
[Round "10"]
[White "grzechu96"]
[Black "TigranMukhutdinov"]
[Result "1-0"]
[WhiteElo "2675"]
[BlackElo "2540"]
[TimeControl "180+1"]
[EndTime "11:59:29 PDT"]
[Termination "grzechu96 won by resignation"]

1. e4 c5 2. Nf3 Nc6 3. Bb5 g6 4.
Bxc6 dxc6 5. d3 Bg7 6. h3 Nf6 7. Nc3 Nd7 8. Be3 e5 9. Qd2 h6 10. O-O b6 11. Nh2 Nf8 12. f4 exf4 13. Bxf4 Ne6 14.
Bg3 Nd4 15. e5 Bf5 16. Rae1 O-O 17. Ne4 Bxe4 18. Rxe4 h5 19. Nf3 Nxf3+ 20. Rxf3 Re8 21. Bh4 Qd7 22. Bf6 Re6 23. Qg5 Rae8 24. Bxg7 Kxg7 25.
Rfe3 Qd8 26. Qf4 Qd5 27. b3 Rf8 28. a4 f6 29. exf6+ Rfxf6 30. Qb8 Rxe4 31. Rxe4 Rf7 32.
Qe5+ Qxe5 33. Rxe5 Kf6 34. Re8 Rc7 35. Kf2 Kf7 36. Ra8 Ke6 37. Ke3 Kd5 38. Rg8 Re7+ 39.
Kd2 Re6 40. Rg7 a6 41. Rd7+ Ke5 42. Ra7 a5 43. Rb7 Rf6 44. Ke3 Kd5 45. Rxb6 Re6+ 46.
Kf3 Rf6+ 47. Ke3 Re6+ 48. Kf3 Rf6+ 49. Kg3 g5 50. h4 gxh4+ 51. Kxh4 Rg6 52. g3 Rg4+ 53.
Kh3 Rg5 54. Ra6 Kd4 55. Rxa5 Kc3 56. Ra6 Kxc2 57. Rxc6 Kxb3 58. a5 Kb4 59. a6 Kb5 60. a7 Rg8 61. Rc7 Ra8 62. Kh4 Kb6 63. Rd7 Kc6 64. Rh7 Kb6 65. Kxh5 Rd8 66. g4 Rd5+ 67.
g5 1-0

[Event "*** SCC Grand Prix: Titled Tuesday Blitz"]
[Site "Chess.com"]
[Date "2020.07.07"]
[Round "10"]
[White "Reader777"]
[Black "Love_craft"]
[Result "1-0"]
[WhiteElo "2647"]
[BlackElo "2421"]
[TimeControl "180+1"]
[EndTime "11:59:29 PDT"]
[Termination "Reader777 won on time"]

1. d4 Nf6 2. c4 g6 3. g3 Bg7 4. Bg2 O-O 5. Nc3 d6 6. Nf3 Nbd7 7. O-O e5 8. e4 exd4 9. Nxd4 Re8 10. h3 Nc5 11. Re1 a5 12. Qc2 c6 13. Be3 Qc7 14.
Rad1 Bd7 15. b3 Rad8 16. f4 Bc8 17. Bf2 h5 18. a3 Kh7 19. b4 axb4 20. axb4 Ne6 21.
Nf3 Kg8 22. f5 Nf8 23. Bd4 N8d7 24. Qf2 Re7 25. c5 dxc5 26. bxc5 Rde8 27. e5 Nxe5 28. Nxe5 Rxe5 29. Rxe5 Rxe5 30. Bxe5 Qxe5 31. Rd8+ Kh7 32.
fxg6+ fxg6 33. Rxc8 Qxc3 34. Rc7 h4 35. gxh4 Kh8 36. Rxb7 Nd5 37. Kh1 Qc1+ 38. Qf1 Qxc5 39. Qf7 Qc1+ 40. Bf1 Qc3 41. h5 gxh5 42. Qxh5+ Kg8 43.
Rb8+ Bf8 44. Qg6+ Qg7 45. Qxg7+ Kxg7 46. Bg2 Ne7 47. Rb1 c5 48. Rc1 Ng6 49. Be4 Ne5 50. Kg2 Kf6 51. Kg3 c4 52. Bd5 Bd6 53. Kg2 Nd3 54.
Rf1+ Nf4+ 55. Kh1 Ke5 56. Bxc4 Nxh3 57. Kg2 Nf4+ 58. Kf3 Ng6 59. Bd3 Ne7 60. Re1+ Kd4 61. Be4 Bc5 62. Rd1+ Ke5 63. Rd7 1-0

[Event "*** SCC Grand Prix: Titled Tuesday Blitz"]
[Site "Chess.com"]
[Date "2020.07.07"]
[Round "10"]
[White "rududuyk"]
[Black "Klaus1995"]
[Result "1-0"]
[WhiteElo "2080"]
[BlackElo "1871"]
[TimeControl "180+1"]
[EndTime "11:59:29 PDT"]
[Termination "rududuyk won on time"]

1. e4 c5 2. Nc3 d6 3. f4 Nf6 4. Nf3 e6 5. Bc4 Be7 6. d3 d5 7. O-O dxc4 8. e5 Nfd7 9. dxc4 Nc6 10. Ne4 Qc7 11. Nd6+ Bxd6 12. exd6 Qd8 13. Ne5 Ndxe5 14. fxe5 Nxe5 15. Bf4 Ng6 16. Bg3 O-O 17. Qh5 Bd7 18. Qxc5 Bc6 19. b4 Qb6 20. Qxb6 axb6 21. Bf2 Rfd8 22.
Rfd1 Ne5 23. Bxb6 Rd7 24. c5 Nc4 25. Bc7 Ne3 26. Rd2 Nd5 27. Bb6 Nxb6 28. cxb6 Bd5 29. a4 Rad8 30. Rad1 f6 31. Rd4 Kf7 32. c4 Rxd6 33.
cxd5 exd5 34. a5 Ke6 35. Re1+ Kf5 36. Re7 R8d7 37. Re8 h5 38. Kf2 g5 39. Ke3 Rc6 40.
b5 Rc3+ 41. Kd2 Rc5 42. Rb4 d4 43. a6 d3 44. a7 Rc2+ 45. Kd1 d2 46. Rb1 Rc4 47.
a8=Q Rf4 48. Kc2 Rf2 49. Rd1 Rd4 50. Qxb7 Rc4+ 51. Kb3 Rc1 52. Qd5+ Kg6 53. Rxd2 Rb1+ 54. Kc2 Rbf1 55. Qg8+ Kf5 56. Qh7+ Kg4 57. Qe4+ Rf4 58. Qe2+ Kf5 59. Rd5+ Kg6 60. Qd3+ Kh6 61. Rh8+ Kg7 62. Rd6 R1f2+ 63. Kd1 Rf1+ 64. Kc2 R1f2+ 65. Kc3 R2f3 66. gxf3 Rxf3 67. Qxf3 f5 68. Qxf5 1-0

[Event "*** SCC Grand Prix: Titled Tuesday Blitz"]
[Site "Chess.com"]
[Date "2020.07.07"]
[Round "10"]
[White "Tashik"]
[Black "Matols"]
[Result "1/2-1/2"]
[WhiteElo "2371"]
[BlackElo "2205"]
[TimeControl "180+1"]
[EndTime "11:59:33 PDT"]
[Termination "Game drawn by stalemate"]

1. c4 Nf6 2. Nc3 e6 3. e4 d5 4. cxd5 exd5 5. e5 Nfd7 6. d4 c6 7. Bd3 Be7 8. Nf3 O-O 9. O-O f6 10. Re1 fxe5 11. Nxe5 Nxe5 12. dxe5 Bf5 13. Bxf5 Rxf5 14.
Qg4 Qf8 15. Bh6 Rf7 16. Re2 Na6 17. h4 Re8 18. h5 Bc5 19. Rf1 Nc7 20. g3 Ne6 21. Kg2 Nd4 22. f4 Nxe2 23. Nxe2 Rxe5 24. fxe5 Rxf1 25. Nf4 Rf2+ 26. Kh3 Kh8 27. Ne6 Qf5 28.
Bxg7+ Kg8 29. Qxf5 Rxf5 30. h6 Bb6 31. Bf6 Kf7 32.
Ng5+ Kg6 33. Ne6 d4 34. Nf8+ Kf7 35. Nxh7 d3 36. Ng5+ Kg6 37. h7 Rxg5 38. Bxg5 Kxh7 39. Kg4 Kg6 40. Bd2 Bd4 41. e6 Bxb2 42. Kf3 Kf6 43.
Ke4 Kxe6 44. Kxd3 Kd5 45. g4 Bg7 46. g5 c5 47. Ke3 b5 48. Kf4 b4 49. Kf5 c4 50. Bxb4 c3 51. Kg6 Bd4 52. Kf7 c2 53.
Ba3 Kc4 54. g6 Kd3 55. g7 Bxg7 56. Kxg7 Kd2 57. Kf7 c1=Q 58. Bxc1+ Kxc1 59. Ke6 Kb2 60. a4 Kb3 61. a5 Kb4 62. a6 Kb5 63. Kd5 Kxa6 64.
Kc4 Ka5 65. Kb3 Kb5 66. Ka2 Ka4 67. Ka1 a5 68. Kb1 Ka3 69. Ka1 a4 70. Kb1 Kb3 71. Ka1 a3 72. Kb1 a2+ 73. Ka1 Ka3 1/2-1/2

[Event "*** SCC Grand Prix: Titled Tuesday Blitz"]
[Site "Chess.com"]
[Date "2020.07.07"]
[Round "10"]
[White "AnishOnYoutube"]
[Black "Oleksandr_Bortnyk"]
[Result "1/2-1/2"]
[WhiteElo "2813"]
[BlackElo "2928"]
[TimeControl "180+1"]
[EndTime "11:59:35 PDT"]
[Termination "Game drawn - insufficient material"]

1. d4 Nf6 2. c4 b6 3. Nc3 Bb7 4. Qc2 d5 5. cxd5 Nxd5 6. e4 Nxc3 7.
bxc3 e5 8. Nf3 exd4 9. Bc4 Be7 10. cxd4 O-O 11. O-O Nc6 12. Bb2 Na5 13. Bd3 c5 14. d5 c4 15. Be2 f5 16. Nd4 fxe4 17. Ne6 Qxd5 18. Nxf8 Rxf8 19. Rad1 Qc6 20. Bc3 e3 21. f3 Bh4 22. g3 Bf6 23. Bxa5 bxa5 24. Qxc4+ Qxc4 25.
Bxc4+ Kh8 26. Be2 h5 27. Rd7 Bc6 28. Rxa7 Rb8 29. Rxa5 Rb2 30. Rxh5+ Kg8 31. Re1 Rxe2 32. Rxe2 Bxf3 33. Rxe3 Bxh5 34. Rd3 Be2 35. Rd2 Bb5 36. Rc2 Kf7 37. Kg2 Ke6 38. Rc5 Bd7 39.
h4 Kd6 40. Rc2 Bd4 41. Kf3 Kd5 42. Rd2 Ke5 43. Re2+ Kd5 44. Kf4 Bf6 45. Rd2+ Ke6 46. h5 Be5+ 47. Kg4 Ke7+ 48. Kf3 Bc6+ 49. Kf2 Bd7 50. Re2 Kf6 51. Re4 Bf5 52. Rc4 Kg5 53. Kf3 Bf6 54. Rc5 Be7 55. Rd5 Kf6 56. Kf4 Be6 57.
Rd2 Bb4 58. Rc2 Bd6+ 59. Kf3 Bd5+ 60. Kg4 Be6+ 61. Kh4 Be7 62. g4 Ke5+ 63. g5 Bf5 64. Re2+ Be4 65. Kg4 Bf8 66. a4 Bb4 67. h6 gxh6 68.
gxh6 Kd4 69. Rxe4+ Kxe4 70. h7 Bc3 71. a5 Kd5 72. a6 Kc6 73. Kf5 Kb6 74. Kg6 Kxa6 75.
Kf7 Kb7 76. Kg8 Kc7 77. h8=Q Bxh8 1/2-1/2

[Event "*** SCC Grand Prix: Titled Tuesday Blitz"]
[Site "Chess.com"]
[Date "2020.07.07"]
[Round "10"]
[White "mbojan"]
[Black "amatatanav"]
[Result "1/2-1/2"]
[WhiteElo "2539"]
[BlackElo "2434"]
[TimeControl "180+1"]
[EndTime "11:59:35 PDT"]
[Termination "Game drawn - insufficient material"]

1. e4 c5 2. Nf3 Nc6 3. Bb5 e6 4. Bxc6 bxc6 5. d3 Ne7 6. O-O Ng6 7. Re1 e5 8. Nbd2 Be7 9. a3 O-O 10. h3 d6 11. Nc4 f5 12. b4 fxe4 13. dxe4 Be6 14.
Ne3 cxb4 15. axb4 d5 16. exd5 cxd5 17. Ra6 Bf7 18. c3 Qc8 19. Ra5 d4 20. Nd5 Bxd5 21. Rxd5 Qxc3 22. Nxe5 Nxe5 23. Rexe5 Bxb4 24. Rxd4 Bc5 25.
Rde4 Rad8 26. Rd5 Bxf2+ 27. Kh1 Rxd5 28. Qxd5+ Kh8 29. Qc4 Qxc4 30. Rxc4 Bb6 31. Ba3 Rd8 32. Be7 Re8 33. Bb4 Kg8 34. Bc3 Kf7 35. Kh2 Re6 36.
Kg3 h6 37. Kf3 g5 38. Bd4 Bxd4 39. Rxd4 a5 40. Rd7+ Kf6 41. Ra7 Re5 42. Kg4 Re4+ 43. Kg3 Ra4 44. Ra6+ Kg7 45. Kf3 h5 46. Kg3 Kh7 47.
Kf3 Rf4+ 48. Kg3 Rf5 49. h4 Kg7 50. Ra7+ Kg6 51. Ra6+ Kf7 52. hxg5 Rxg5+ 53. Kh4 Rb5 54. g3 Kg7 55. Ra7+ Kg6 56. Ra6+ Kf7 57. Ra7+ Kf6 58.
Ra6+ Kg7 59. Ra7+ Kg6 60. Ra6+ Kh7 61. g4 hxg4 62. Kxg4 Kg7 63. Kf4 Kf7 64. Ke4 Ke7 65. Kd4 Kd7 66. Kc4 Re5 67. Rh6 Kc7 68. Kb3 Kb7 69.
Ka4 Ka7 70. Rg6 Rd5 71. Rh6 Rc5 72. Rh7+ Kb6 73. Rh6+ Rc6 74. Rxc6+ Kxc6 75. Kxa5 1/2-1/2

[Event "*** SCC Grand Prix: Titled Tuesday Blitz"]
[Site "Chess.com"]
[Date "2020.07.07"]
[Round "10"]
[White "kleopl"]
[Black "quesfr"]
[Result "1-0"]
[WhiteElo "2387"]
[BlackElo "2199"]
[TimeControl "180+1"]
[EndTime "11:59:38 PDT"]
[Termination "kleopl won on time"]

1. c4 e6 2. Nc3 d5 3. d4 Nf6 4. cxd5 exd5 5. Bg5 c6 6. e3 Bd6 7. Qf3 Nbd7 8. Bd3 O-O 9. Nge2 Re8 10. O-O h6 11. Bxf6 Qxf6 12. Qxf6 Nxf6 13. Rab1 a5 14. Na4 Ne4 15. Bxe4 Rxe4 16. Nb6 Rb8 17. Nc3 Re7 18.
Nxc8 Rxc8 19. a3 Ra8 20. Na4 Kf8 21. Rfc1 Ke8 22. Nc5 Bxc5 23. Rxc5 Kd7 24. h4 h5 25. g3 g6 26. Kg2 a4 27. b3 axb3 28. Rxb3 Kc7 29.
Rc1 Ra7 30. Kf3 Re8 31. Kf4 f6 32. Kf3 Rea8 33. Rcc3 Kd6 34. Rb4 b5 35. Rbb3 Ra4 36. Ke2 Rc4 37. Kd3 Rxc3+ 38. Kxc3 Ra4 39. Kb2 Rc4 40. Rd3 Ke6 41. f3 Kf5 42. Rd2 g5 43. hxg5 fxg5 44. Rh2 Kg6 45. Rh1 Kh6 46. Kb3 Kg6 47.
Kb2 Kh6 48. Rh2 Kg6 49. Rh3 g4 50. fxg4 hxg4 51. Rh8 Kf5 52. Re8 Kg5 53. Re5+ Kf6 54.
Rh5 Kg6 55. Rh8 Kf5 56. Re8 Kg5 57. Rg8+ Kf5 58. Rg7 Ra4 59. Re7 Rc4 60. Re5+ Kg6 61.
Kb3 Kf6 62. Re8 Kg5 63. Rf8 Kg6 64. Ra8 Kf5 65. Re8 Kf6 66. Re5 Rc1 67. e4 dxe4 68.
Rxe4 Kf5 69. Rf4+ Kg5 70. d5 cxd5 71. Rd4 Rg1 72. Rxd5+ Kf6 73. Rd3 Kf5 74. Kb4 1-0

[Event "*** SCC Grand Prix: Titled Tuesday Blitz"]
[Site "Chess.com"]
[Date "2020.07.07"]
[Round "10"]
[White "alexrustemov"]
[Black "Onegust"]
[Result "1-0"]
[WhiteElo "2737"]
[BlackElo "2605"]
[TimeControl "180+1"]
[EndTime "11:59:39 PDT"]
[Termination "alexrustemov won by resignation"]

1. d4 Nf6 2. Nf3 e6 3. c4 b6 4. a3 Bb7 5. Nc3 g6 6. Bf4 Bg7 7.
h3 O-O 8. e3 d6 9. Be2 Nbd7 10.
O-O Qe7 11. Bh2 Ne4 12. Nxe4 Bxe4 13. Nd2 Bb7 14. Bf3 Bxf3 15. Nxf3 f5 16. Qa4 Nf6 17. Nd2 g5 18. Rae1 g4 19. Qc6 Qd7 20. Qxd7 Nxd7 21. hxg4 fxg4 22. f3 h5 23. Ne4 e5 24. d5 Nc5 25.
Ng5 Bh6 26. b4 Nd3 27. Ne6 Nxe1 28. Rxe1 Rf7 29. Kf2 Re8 30. Bg3 Rxe6 31. dxe6 Re7 32.
Rh1 Rxe6 33. Rxh5 gxf3 34. gxf3 Kf7 35. b5 Bg7 36. Rf5+ Rf6 37. Rxf6+ Kxf6 38. Ke2 Ke6 39. Kd3 d5 40. a4 Kd6 41. cxd5 Kxd5 42. Be1 Kc5 43. Bc3 Bf6 44. Ke4 Bd8 45. Kxe5 Kc4 46. Be1 Kb3 47. Kd5 Kxa4 48. Kc6 Bg5 49. f4 Be7 50. e4 Kb3 51. e5 Kc4 52. f5 Kd4 53. f6 Bc5 54. e6 Ke5 55. e7 1-0

[Event "*** SCC Grand Prix: Titled Tuesday Blitz"]
[Site "Chess.com"]
[Date "2020.07.07"]
[Round "10"]
[White "Usurpov"]
[Black "Vision_64"]
[Result "1/2-1/2"]
[WhiteElo "2371"]
[BlackElo "2201"]
[TimeControl "180+1"]
[EndTime "11:59:39 PDT"]
[Termination "Game drawn - insufficient material"]

1. e4 c5 2. Nf3 Nc6 3. d4 cxd4 4. Nxd4 Nf6 5. Nc3 e5 6. Ndb5 d6 7. Bg5 a6 8. Na3 b5 9. Nd5 Be7 10. Bxf6 Bxf6 11. c4 b4 12. Nc2 a5 13. g3 O-O 14. h4 Be6 15. Bh3 Ra7 16. Kf1 g6 17. Kg2 Bg7 18. Qd3 Ne7 19. Nce3 Nxd5 20. Nxd5 Bxd5 21.
Qxd5 Rc7 22. b3 Rc5 23. Qd3 h5 24. Rhd1 Rc6 25. Qd5 Qc7 26. a3 Rd8 27. axb4 axb4 28. Ra4 Rc5 29. Qd2 Qb7 30. Kh2 Qxe4 31. Bg2 Qf5 32. Rxb4 e4 33. Qe2 e3 34. Qxe3 Re5 35.
Qf3 Qc2 36. Rd5 Rde8 37. Rb7 R5e7 38. Rxe7 Rxe7 39. Rxd6 Be5 40. Rd8+ Kg7 41. Kg1 Bf6 42. Qd3 Re1+ 43. Bf1 Qc1 44. Rd7 Qb1 45. Qxb1 Rxb1 46. Rd3 Rb2 47. Kg2 Be5 48. Rf3 f5 49. Re3 Kf6 50. Rd3 f4 51. gxf4 Bxf4 52. Kf3 Be5 53.
Bh3 Rb1 54. c5 Rc1 55. Rd5 Rc3+ 56. Ke4 Bh2 57. Bf1 Rxb3 58. c6 Rb4+ 59. Rd4 Rxd4+ 60.
Kxd4 Bc7 61. Kd5 g5 62. hxg5+ Kxg5 63. f3 Kf4 64. Bg2 h4 65. Ke6 h3 66. Bxh3 Kxf3 67. Kd7 Bf4 68. Be6 Ke4 69. Bd5+ Kxd5 70. c7 Bxc7 1/2-1/2